 Dungeon Crawl Stone Soup version 0.25-a0-200-g5ba96148f3 (webtiles) character file.

Game seed: 9498006130644809718, levelgen mode: deterministic

78702 Essalna the Thaumaturge (level 15, -14/132 HPs)
             Began as a Purple Draconian Fire Elementalist on Nov 29, 2019.
             Was an Elder of Vehumet.
             Killed from afar by a deep elf death mage (35 damage)
             ... with a bolt of negative energy
             ... on level 1 of the Elven Halls on Dec 2, 2019.
             The game lasted 02:47:21 (37304 turns).

Essalna the Thaumaturge (DrFE)                     Turns: 37304, Time: 02:47:22

Health: -14/132    AC: 15    Str: 12    XL:     15   Next: 18%
Magic:  1/32       EV: 13    Int: 21    God:    Vehumet [****..]
Gold:   2775       SH:  3    Dex: 11    Spells: 16/41 levels left

rFire    + + .     SeeInvis +   y - staff of wizardry
rCold    x . .     Gourm    +   C - +0 buckler
rNeg     . . .     Faith    .   (armour unavailable)
rPois    +         Spirit   .   (helmet restricted)
rElec    .         Reflect  .   J - +1 cloak {rPois}
rCorr    +         Harm     .   S - +0 pair of gloves
MR       ++++.                  O - +2 pair of boots
Stlth    +.........             m - amulet of the gourmand
HPRegen  0.32/turn              V - ring "Zuolent" {Fire MR+ Slay+3 SInv}
MPRegen  0.23/turn              R - ring "Seul" {rF+ MR+ rCorr}

@: very heavily drained
A: breathe power, unfitting armour, cold-blooded, AC +9
a: Breathe Dispelling Energy, Renounce Religion


You were on level 1 of the Elven Halls.
You worshipped Vehumet.
Vehumet was greatly pleased with you.
You were very full.

You visited 5 branches of the dungeon, and saw 24 of its levels.
You also visited: Volcano.

You collected 2775 gold pieces.

Inventory:

Hand Weapons
 p - a +2 demon trident of flaming
 G - the +1 dagger "Quuxkon" {pain, -Tele rElec Str+7}
   (You found it on level 6 of the Lair of Beasts)

   In the hands of one skilled in necromantic magic, it inflicts extra damage on
   living creatures.
   It affects your strength (+7).
   It insulates you from electricity.
   It prevents most forms of teleportation.
Armour
 C - a +0 buckler (worn)
 J - a +1 cloak of poison resistance (worn)
 O - a +2 pair of boots (worn)
 P - a +0 cloak
 S - a +0 pair of gloves (worn)
Magical Staves
 y - an uncursed staff of wizardry (weapon)
Jewellery
 e - a +3 amulet of reflection
 g - an uncursed ring of poison resistance
 j - an uncursed amulet of guardian spirit {unknown}
 l - an uncursed ring of protection from fire
 m - an amulet of the gourmand (around neck)
 n - a +3 ring of evasion
 q - a cursed ring of stealth {unknown}
 t - an uncursed ring of positive energy {unknown}
 D - an uncursed ring of flight {unknown}
 H - an uncursed amulet of regeneration
 I - an uncursed ring of see invisible {unknown}
 R - the ring "Seul" (right hand) {rF+ MR+ rCorr}
   (You found it on level 13 of the Dungeon)

   [ring of resist corrosion]

   It protects you from fire.
   It affects your resistance to hostile enchantments.
   It provides partial protection from all sources of acid and corrosion.
 U - a cursed ring of teleportation {unknown}
 V - the ring "Zuolent" (left hand) {Fire MR+ Slay+3 SInv}
   (You found it on level 1 of the Lair of Beasts)

   [ring of fire]

   It enhances your fire magic.
   It affects your accuracy and damage with ranged weapons and melee attacks
   (+3).
   It protects you from fire.
   It makes you vulnerable to cold.
   It affects your resistance to hostile enchantments.
   It lets you see invisible.
 W - a +3 ring of protection {unknown}
Wands
 z - a wand of flame (19)
 B - a wand of iceblast (2)
 F - a wand of enslavement (12)
 M - a wand of digging (13)
 Z - a wand of paralysis (8)
Scrolls
 a - 2 scrolls of silence {unknown}
 c - 13 scrolls of remove curse
 f - 4 scrolls of identify
 h - 9 scrolls of enchant weapon
 k - 4 scrolls of teleportation
 o - 4 scrolls of immolation {unknown}
 r - 4 scrolls of enchant armour {unknown}
 u - 8 scrolls of magic mapping {unknown}
 x - a scroll of noise {unknown}
 A - a scroll of random uselessness {unknown}
 Q - 3 scrolls of amnesia {unknown}
 X - 3 scrolls of fog {unknown}
Potions
 d - 4 potions of haste
 i - a potion of resistance
 s - 12 potions of curing
 v - a potion of might
 w - 6 potions of berserk rage {unknown}
 E - 3 potions of flight
 K - 2 potions of heal wounds
 L - a potion of invisibility
 N - a potion of cancellation {unknown}
 T - a potion of mutation {unknown}
Comestibles
 b - 35 rations
 Y - 3 chunks of flesh


   Skills:
 + Level 11.9(6.5) Fighting
 - Level 10.1(4.9) Dodging
 - Level 1.7(0.0) Stealth
 - Level 4.0(0.0) Shields
 + Level 13.6(8.0) Spellcasting
 + Level 12.5(7.0) Conjurations
 + Level 5.5(0.9) Summonings
 + Level 12.8(7.3) Fire Magic


You had 16 spell levels left.
You knew the following spells:

 Your Spells              Type           Power        Failure   Level  Hunger
a - Flame Tongue          Conj/Fire      #####        1%          1    None
b - Sticky Flame          Conj/Fire      ######..     1%          4    ###....
c - Fireball              Conj/Fire      ######....   2%          5    #####..
d - Ignite Poison         Fire/Tmut/Pois ####....     1%          3    None
e - Spellforged Servitor  Conj/Summ      ####......   85%         7    #######
f - Lee's Rapid Deconstr  Erth           #.........   34%         5    #####..

Your spell library contained the following spells:

 Spells                   Type           Power        Failure   Level  Hunger
 Bolt of Fire             Conj/Fire      ######....   12%         6    ######.
 Freeze                   Ice            #...         1%          1    None
 Magic Dart               Conj           ####         1%          1    None
 Sandblast                Erth           #.....       1%          1    None
 Searing Ray              Conj           #####.       1%          2    None
 Throw Flame              Conj/Fire      ######       1%          2    None
 Throw Frost              Conj/Ice       ###...       1%          2    None
 Conjure Flame            Conj/Fire      ######..     1%          3    None
 Dazzling Spray           Conj/Hex       ###...       1%          3    None
 Inner Flame              Hex/Fire       #####...     1%          3    None
 Stone Arrow              Conj/Erth      ###...       1%          3    None
 Iskenderun's Mystic Bla  Conj           #####...     1%          4    ###....
 Force Lance              Conj/Tloc      ###.....     3%          4    ###....
 Fulminant Prism          Conj/Hex       ###.......   3%          4    ###....
 Throw Icicle             Conj/Ice       ###.....     3%          4    ###....
 Beastly Appendage        Tmut           #.....       5%          1    None
 Passwall                 Tmut/Erth      #.......     9%          2    None
 Sticks to Snakes         Tmut           #.......     9%          2    None
 Ozocubu's Armour         Chrm/Ice       #.......     16%         3    None
 Spider Form              Tmut/Pois      #.........   16%         3    None
 Yara's Violent Unravell  Hex/Tmut       #.........   34%         5    #####..
 Summon Ice Beast         Ice/Summ       ##......     38%         4    ###....
 Cause Fear               Hex            #.........   45%         4    ###....
 Ice Form                 Ice/Tmut       #.......     45%         4    ###....
 Petrify                  Tmut/Erth      #.......     45%         4    ###....
 Blade Hands              Tmut           #.........   78%         5    #####..
 Silence                  Hex/Air        #.........   78%         5    #####..
 Deflect Missiles         Chrm/Air       #.........   100%        6    ######.
 Discord                  Hex            #.........   100%        8    #######


Dungeon Overview and Level Annotations

Branches:
Dungeon (14/15)            Temple (1/1) D:4            Lair (6/6) D:11
 Shoals (0/4) Lair:3       Spider (0/4) Lair:3        Slime (0/5) Lair:5
    Orc (2/2) D:11            Elf (1/3) Orc:2        Vaults (0/5) D:14
Volcano (visited)

Altars:
Ashenzari
Cheibriados
Dithmenos
Elyvilon
Fedhas
Gozag
Hepliaklqana
Kikubaaqudgha
Makhleb
Nemelex Xobeh
Okawaru
Qazlal
Ru
Sif Muna
Trog
Uskayaw
Vehumet
Wu Jian
Xom
Yredelemnul
Zin
The Shining One
Jiyva

Shops:
D:3 *   D:6 %   Orc:2 ([(=

Portals:
Hell: Lair:6


Innate Abilities, Weirdness & Mutations

You can breathe bolts of dispelling energy.
Your rich purple scales are hard. (AC +9)
You cannot fit into any form of body armour.
You are cold-blooded and may be slowed by cold attacks.


Message History

The deep elf death mage is moderately wounded.
Casting: Fireball (safe; 1% risk of failure)
Confirm with . or Enter, or press ? or * to list all spells.
Aiming: Sticky Flame (safe; 1% risk of failure)
Press: ? - help, Shift-Dir - straight line, f/p - deep elf death mage
Aim: a deep elf death mage, wielding a +0 rapier (moderately wounded)
You feel a surge of power!
The sticky flame hits the deep elf death mage!
The deep elf death mage is moderately wounded.
The deep elf death mage is covered in liquid flames!
The deep elf death mage burns!
The deep elf death mage points at you and mumbles some strange words.
The bolt of negative energy hits you!!!
You feel drained.
* * * LOW HITPOINT WARNING * * *
You hit the deep elf death mage.
The deep elf death mage is heavily wounded.
The deep elf death mage burns!
The deep elf death mage points at you and mumbles some strange words.
The bolt of negative energy hits you!!
You feel drained.
You die...

##.....##
#.......#
#.......#
#.......#
#.....##
##'...#'## ####
##.##'###.#####
#..####*###e#
##'##.###
#....#e## #@#
###.....###
#......####.#
#.........#
#........##+#
#.........####
#...........#
#.........'...
#........##+#
#.........####
#......'###
###........#
#.....##'#..
..#+.....####
#..##+# #....(.
###......# ####
...... ######.#


You could see a deep elf death mage (burning).

Vanquished Creatures
  Kirke (Lair:5)
  An orc warlord (D:11)
  Josephine (Lair:6)
  Erolcha (Orc:2)
  3 hydras
  4 vault guards (D:14)
  2 centaur warriors
  3 two-headed ogres
  A dancing weapon (Elf:1)
  A tengu warrior (D:14)
  A hell hog (Volcano)
  3 death yaks (Lair:4)
  Urug (Lair:6)
  5 orc high priests (Orc:2)
  A deep elf knight (Elf:1)
  A sixfirhy (Lair:6)
  An unseen horror (D:14)
  9 orc knights
  2 wizards
  A wolf spider zombie (D:13)
  6 oklob plants
  8 deep elf magi
  An orc sorcerer (Orc:2)
  A cyclops (D:13)
  A manticore (D:13)
  3 ugly things
  Maurice (D:11)
  4 black mambas
  6 elephants (Lair:4)
  An orange demon (Lair:6)
  2 molten gargoyles
  A merfolk siren (Lair:3)
  4 gargoyles
  8 spiny frogs
  5 rime drakes
  3 ice devils (Lair:6)
  2 komodo dragons
  A hellwing (Lair:6)
  2 trolls
  4 polar bears
  A tengu conjurer (D:14)
  Grinder (D:5)
  11 hippogriffs
  20 blink frogs
  A water elemental (Elf:1)
  An air elemental (Elf:1)
  Sigmund (D:6)
  8 fire bats (Volcano)
  A human (D:14)
  6 wraiths
  A vampire (D:12)
  Grum (D:10)
  6 basilisks
  4 wyverns
  14 yaks
  5 hogs (Lair:5)
  A hungry ghost (D:7)
  5 wargs
  2 acid dragons
  8 water moccasins
  5 hell hounds
  5 porcupines
  5 ice beasts
  43 orc warriors
  4 phantoms
  9 ogres
  3 sky beasts
  17 wolves
  14 centaurs
  13 crocodiles
  A big kobold (D:9)
  11 bullfrogs
  A wyvern zombie (D:14)
  A scorpion (D:3)
  15 killer bees
  11 wights
  9 howler monkeys
  An electric eel (D:13)
  3 crimson imps
  A bullfrog zombie (D:11)
  8 centaur zombies
  3 lava snakes (Volcano)
  3 hounds
  27 orc priests
  2 centaur skeletons
  3 jellies (Lair:5)
  2 bullfrog skeletons
  3 iguanas
  22 orc wizards
  14 worker ants
  3 hound skeletons
  Robin (D:4)
  7 gnolls
  8 adders
  4 shadow imps
  3 oozes
  An adder skeleton (D:7)
  3 dart slugs
  2 leopard geckos
  92 orcs
  A ball python (D:4)
  5 bats
  3 giant cockroaches
  14 goblins
  7 hobgoblins
  5 jackals
  8 quokkas
  5 frilled lizards
  8 kobolds
  A quokka skeleton (D:5)
  6 rats
  2 bushes (Lair:2)
  2 fungi
  12 plants
667 creatures vanquished.

Vanquished Creatures (collateral kills)
  A fire dragon (Volcano)
  A dancing weapon (Elf:1)
  A molten gargoyle (Volcano)
  A red devil (Lair:6)
  A hell hound (Lair:6)
5 creatures vanquished.

Vanquished Creatures (others)
  14 fungi (Lair:6)
  12 plants
  19 toadstools (Lair:2)
45 creatures vanquished.

Grand Total: 717 creatures vanquished

Notes
Turn   | Place    | Note
-------+----------+-------------------------------------------
     0 | D:1      | Essalna the Draconian Fire Elementalist began the quest for
                  | the Orb.
     0 | D:1      | Reached XP level 1. HP: 14/14 MP: 3/3
   844 | D:2      | Reached XP level 2. HP: 20/20 MP: 3/5
   864 | D:2      | Found a sacrificial altar of Ru.
  1287 | D:2      | Reached XP level 3. HP: 26/26 MP: 6/6
  1983 | D:3      | Noticed a scorpion
  1991 | D:3      | Killed a scorpion
  1991 | D:3      | Reached skill level 3 in Spellcasting
  1991 | D:3      | Reached XP level 4. HP: 8/33 MP: 4/8
  2054 | D:3      | Found Zin's Purification Station.
  2054 | D:3      | Found a glowing silver altar of Zin.
  2432 | D:3      | Reached XP level 5. HP: 38/38 MP: 0/9
  2510 | D:3      | Learned a level 4 spell: Sticky Flame
  2700 | D:3      | Found a shadowy altar of Dithmenos.
  3125 | D:4      | Noticed Robin
  3165 | D:4      | Killed Robin
  3304 | D:4      | Found a staircase to the Ecumenical Temple.
  3309 | D:4      | Noticed an ogre
  3319 | D:4      | HP: 1/38 [ogre/+0 giant club (28)]
  3684 | D:4      | Reached XP level 6. HP: 45/45 MP: 11/11
  3890 | Temple   | Entered the Ecumenical Temple
  3980 | Temple   | Became a worshipper of Vehumet
  4214 | D:4      | Learned a level 5 spell: Fireball
  4426 | D:4      | Reached skill level 4 in Spellcasting
  4570 | D:5      | Entered Level 5 of the Dungeon
  4688 | D:5      | Noticed an ice beast
  4701 | D:5      | Killed an ice beast
  4701 | D:5      | Reached skill level 5 in Fire Magic
  4701 | D:5      | Your scales start taking on a rich purple colour.
  4701 | D:5      | Reached skill level 5 in Spellcasting
  4701 | D:5      | Reached XP level 7. HP: 30/50 MP: 7/14
  5016 | D:5      | Noticed Grinder
  5040 | D:5      | Killed Grinder
  5320 | D:5      | Reached skill level 5 in Conjurations
  5322 | D:5      | Reached skill level 6 in Spellcasting
  5322 | D:5      | Reached XP level 8. HP: 51/57 MP: 7/17
  5686 | D:6      | Reached * piety under Vehumet
  5686 | D:6      | Offered knowledge of Sting by Vehumet.
  5698 | D:6      | Noticed Sigmund
  5723 | D:6      | Killed Sigmund
  6087 | D:6      | Found a shattered altar of Ashenzari.
  6251 | D:6      | Found a bloodstained altar of Trog.
  6254 | D:6      | Found a snail-covered altar of Cheibriados.
  6254 | D:6      | Found an ancient bone altar of Kikubaaqudgha.
  6266 | D:6      | Found a glowing golden altar of the Shining One.
  6270 | D:6      | Found a hide-covered altar of Uskayaw.
  6389 | D:6      | Found Hepoaha's Food Shoppe.
  6874 | D:7      | Noticed a hippogriff
  6885 | D:7      | Killed a hippogriff
  6885 | D:7      | Reached skill level 7 in Spellcasting
  6885 | D:7      | Reached XP level 9. HP: 35/62 MP: 15/19
  7244 | D:7      | Found the +10 large shield of Ignorance {rN+ Int-4}
  7607 | D:7      | Reached skill level 5 in Dodging
  8049 | D:8      | Reached skill level 1 in Fighting
  8072 | D:7      | HP: 3/64 [killer bee (9)]
  8363 | D:8      | Reached ** piety under Vehumet
  8365 | D:8      | Offered knowledge of Sandblast by Vehumet.
  8837 | D:8      | Reached skill level 8 in Spellcasting
  9124 | D:8      | Found a shimmering blue altar of Sif Muna.
  9388 | D:8      | Offered knowledge of Ignite Poison by Vehumet.
  9393 | D:8      | Learned a level 3 spell: Ignite Poison
  9420 | D:8      | HP: 3/70 [orc warrior/+3 scimitar of electrocution (4)]
  9752 | D:8      | Reached XP level 10. HP: 74/77 MP: 19/22
 10370 | D:9      | Reached *** piety under Vehumet
 10761 | D:10     | Entered Level 10 of the Dungeon
 10952 | D:10     | Noticed a gargoyle
 10960 | D:10     | Killed a gargoyle
 11334 | D:10     | Reached skill level 9 in Spellcasting
 11453 | D:10     | Offered knowledge of Static Discharge by Vehumet.
 11485 | D:10     | Reached skill level 5 in Fighting
 11698 | D:10     | You fall into a shaft and drop 2 floors!
 11698 | D:12     | Noticed a two-headed ogre
 11708 | D:12     | Killed a two-headed ogre
 12089 | D:12     | Noticed a gargoyle
 12097 | D:12     | Killed a gargoyle
 12097 | D:12     | Reached XP level 11. HP: 81/89 MP: 16/24
 12355 | D:12     | Noticed a five-headed hydra
 12376 | D:12     | Noticed a brown ugly thing
 12376 | D:12     | Killed a five-headed hydra
 12411 | D:11     | Killed a brown ugly thing
 12411 | D:11     | Reached **** piety under Vehumet
 12675 | D:11     | Noticed a seven-headed hydra
 12691 | D:11     | Killed a seven-headed hydra
 12694 | D:11     | Noticed Maurice
 12982 | D:11     | Offered knowledge of Force Lance by Vehumet.
 12990 | D:11     | Killed Maurice
 13373 | D:11     | Noticed an oklob plant
 13399 | D:11     | Found a stormy altar of Qazlal.
 13418 | D:11     | Reached skill level 10 in Spellcasting
 13612 | D:11     | Noticed a two-headed ogre
 13630 | D:11     | Killed a two-headed ogre
 13898 | D:11     | Found a staircase to the Orcish Mines.
 14293 | D:11     | Noticed an oklob plant
 14547 | D:11     | Noticed an oklob plant
 14769 | D:10     | Noticed Grum
 14774 | D:10     | Killed Grum
 15347 | Orc:1    | Entered Level 1 of the Orcish Mines
 15609 | Orc:1    | Reached XP level 12. HP: 91/100 MP: 9/26
 15615 | Orc:1    | Noticed an orc warlord
 15881 | D:12     | Reached skill level 10 in Fire Magic
 16807 | D:13     | Got a smoking platinum ring
 16808 | D:13     | Identified the ring "Seul" {rF+ MR+ rCorr} (You found it on
                  | level 13 of the Dungeon)
 16958 | D:13     | Reached ***** piety under Vehumet
 17165 | D:13     | Found a radiant altar of Vehumet.
 17312 | D:13     | Reached skill level 10 in Conjurations
 17355 | D:13     | Reached skill level 11 in Spellcasting
 17662 | D:13     | Noticed a centaur warrior
 17666 | D:13     | Killed a centaur warrior
 17666 | D:13     | Offered knowledge of Bolt of Draining by Vehumet.
 18235 | D:14     | Noticed a centaur warrior
 18238 | D:14     | Killed a centaur warrior
 18704 | D:14     | Noticed a vault guard
 18817 | D:14     | Killed a vault guard
 18950 | D:14     | Noticed a tengu warrior
 18963 | D:14     | Killed a tengu warrior
 19211 | D:14     | Noticed a vault guard
 19492 | D:14     | Killed a vault guard
 19508 | D:14     | Noticed a vault guard
 19509 | D:14     | Noticed a vault guard
 19544 | D:14     | Killed a vault guard
 19741 | D:14     | Killed a vault guard
 19741 | D:14     | Reached XP level 13. HP: 101/111 MP: 22/28
 19785 | D:14     | Found a gate to the Vaults.
 20835 | D:11     | Found a staircase to the Lair.
 20963 | D:11     | Reached skill level 1 in Shields
 21054 | Lair:1   | Entered Level 1 of the Lair of Beasts
 21219 | Lair:1   | Got an ancient marble ring
 21409 | Lair:1   | Found a gate leading to a gauntlet.
 21745 | Lair:2   | Identified the ring "Zuolent" {Fire MR+ Slay+3 SInv} (You
                  | found it on level 1 of the Lair of Beasts)
 21923 | Lair:2   | Upgraded the game from 0.25-a0-189-gf71692caf1 to
                  | 0.25-a0-190-g27fffb8c76
 22246 | Lair:2   | Found a blossoming altar of Fedhas.
 22717 | Lair:3   | Found a hole to the Spider Nest.
 22948 | Lair:3   | Found a staircase to the Shoals.
 23478 | Lair:4   | Reached skill level 12 in Spellcasting
 23586 | Lair:4   | Noticed a fire dragon
 24091 | Lair:4   | Reached skill level 10 in Fighting
 24729 | Lair:4   | Reached skill level 10 in Dodging
 25338 | Lair:5   | Noticed Kirke
 25385 | Lair:5   | Noticed a sphinx
 25396 | Lair:5   | Killed Kirke
 25964 | Lair:5   | Found a runed translucent door.
 25964 | Lair:5   | Found a viscous altar of Jiyva.
 25964 | Lair:5   | Found a staircase to the Slime Pits.
 25971 | Lair:5   | Offered knowledge of Spellforged Servitor by Vehumet.
 26019 | Lair:5   | Learned a level 7 spell: Spellforged Servitor
 26232 | Lair:5   | Reached XP level 14. HP: 103/122 MP: 24/30
 26447 | Lair:5   | You fall into a shaft and drop 1 floor!
 26447 | Lair:6   | Entered Level 6 of the Lair of Beasts
 26600 | Lair:6   | Reached skill level 1 in Summonings
 26743 | Lair:6   | Upgraded the game from 0.25-a0-190-g27fffb8c76 to
                  | 0.25-a0-194-gece12570e2
 26754 | Lair:6   | Found a dark tunnel.
 26759 | Volcano  | Entered a volcano
 26944 | Volcano  | Learned a level 5 spell: Lee's Rapid Deconstruction
 27349 | Volcano  | Found a bloodstained altar of Trog.
 28362 | Lair:6   | Noticed Urug
 28784 | Lair:6   | Noticed Josephine
 28789 | Lair:6   | Killed Josephine
 29677 | Lair:6   | Killed Urug
 30391 | Lair:6   | Found a burning altar of Makhleb.
 30394 | Lair:6   | Reached skill level 13 in Spellcasting
 30726 | Lair:6   | Got a dazzling dagger
 30727 | Lair:6   | Identified the +1 dagger "Quuxkon" {pain, -Tele rElec
                  | Str+7} (You found it on level 6 of the Lair of Beasts)
 30961 | Lair:6   | Found a gateway to Hell.
 32268 | D:11     | Killed an orc warlord
 32428 | Orc:1    | Offered knowledge of Bolt of Fire by Vehumet.
 32988 | Orc:2    | Entered Level 2 of the Orcish Mines
 32991 | Orc:2    | Found a staircase to the Elven Halls.
 33810 | Orc:2    | Noticed Erolcha
 33812 | Orc:2    | Killed Erolcha
 33993 | Orc:1    | Upgraded the game from 0.25-a0-194-gece12570e2 to
                  | 0.25-a0-200-g5ba96148f3
 35933 | Orc:2    | Reached skill level 5 in Summonings
 35935 | Orc:2    | Reached XP level 15. HP: 132/132 MP: 6/32
 36709 | Orc:2    | Found Zoamuih's Jewellery Boutique.
 36712 | Orc:2    | Found Ubejuo Camas's Antique Armour Boutique.
 36713 | Orc:2    | Found Juket's Weapon Boutique.
 36714 | Orc:2    | Found Oryic's Antique Weapon Shop.
 36821 | Elf:1    | Entered Level 1 of the Elven Halls
 36838 | Elf:1    | Found a radiant altar of Vehumet.
 37304 | Elf:1    | Killed from afar by a deep elf death mage

Levels and vault maps discovered:
D:1:      lemuel_arrival_hallway, layout_loops_corners, due_unseen_surprise
D:2:      layout_basic, old_standard_altar, minmay_misc_feat_alley
D:3:      layout_basic, zin_purify, nicolae_overflow_crystal_walls,
          minmay_hedge_maze
D:4:      layout_basic, temple_pool_b, first_ration, uniq_robin
D:5:      layout_basic, water_boxes_lemuel, uniq_grinder
D:6:      layout_loops_cross, kennysheep_mini_moat,
          minmay_overflow_temple_star_hex, serial_shops, nicolae_shop_trees,
          grunt_ministairs_13, uniq_sigmund
D:7:      layout_basic
D:8:      minmay_goldmine, layout_loops_cross, basic_altar
D:9:      layout_small_grid
D:10:     layout_loops_corners, uniq_grum
D:11:     layout_loops_ring, dpeg_oklobed_lair, erik_orc_3, basic_altar,
          uniq_maurice
D:12:     layout_stronghold, hex_medium
D:13:     statuecave_lemuel, layout_rooms, basic_altar
D:14:     layout_rooms, grunt_vaults_entry_fortified, eino_curves_02
Temple:   nicolae_temple_figure_eight
Lair:1:   layout_loops_ring, gauntlet_entry_generic
Lair:2:   layout_regular_city, tgw_fedhas
Lair:3:   layout_loops_ring, minmay_shoals_entry_lonely_mermaid,
          spider_nest_entry_web_field
Lair:4:   dragon1_lemuel, layout_regular_city, beast_lair_carwin_2,
          grunt_megastairs_1, lemuel_fruit_tree, minmay_lair_oklob_chamber
Lair:5:   layout_layer_cave, slime_altar_2, lemuel_fruit_fields, uniq_kirke
Lair:6:   evil_forest, layout_regular_city, nicolae_volcano_entry_s_turn,
          uniq_urug, uniq_josephine
Orc:1:    layout_caves
Orc:2:    st_orc_pillars, layout_diamond_mine, nicolae_orc_damp_corner,
          uniq_erolcha
Elf:1:    eino_elf_arrival_altar, layout_geoelf_octagon,
          hangedman_elven_crosses_minicolossus, uniq_jorgrun

Skill      XL: |  1  2  3  4  5  6  7  8  9 10 11 12 13 14 |
---------------+-------------------------------------------+-----
Conjurations   | 2 3 4 5 6 7 8 9 10 11 12 | 12.5
Spellcasting   | 3 5 6 7 8 9 10 11 12 13 | 13.6
Fire Magic     | 4 5 6 7 8 9 10 11 12 | 12.8
Dodging        | 2 3 4 5 7 8 9 10 | 10.1
Fighting       | 3 5 7 9 10 11 | 11.9
Shields        | 4 |  4.0
Summonings     | 5 |  5.5
Stealth        | |  1.7

Action                   |  1- 3 |  4- 6 |  7- 9 | 10-12 | 13-15 || total
-------------------------+-------+-------+-------+-------+-------++-------
Melee: Unarmed           |    21 |       |       |       |       ||    21
       Short sword       |    55 |       |       |       |       ||    55
       Tailslap          |     6 |     2 |    10 |    35 |    52 ||   105
       Staff             |       |     9 |   118 |   296 |   147 ||   570
       Demon trident     |       |       |       |       |   147 ||   147
       Dagger            |       |       |       |       |    36 ||    36
 Fire: Hunting sling     |     7 |    96 |     9 |    19 |       ||   131
 Cast: Flame Tongue      |    38 |    58 |   157 |   132 |   245 ||   630
       Sticky Flame      |       |     1 |    36 |   117 |   127 ||   281
       Fireball          |       |       |    15 |   105 |   227 ||   347
       Lee's Rapid Decon |       |       |       |       |    29 ||    29
       Spellforged Servi |       |       |       |       |     7 ||     7
 Abil: Breathe Dispellin |       |       |     5 |       |    16 ||    21
Evoke: Wand              |       |       |       |     3 |     7 ||    10
  Use: Scroll            |     2 |       |     3 |    12 |     8 ||    25
       Potion            |       |       |     1 |     1 |     6 ||     8
 Stab: Sleeping          |     4 |       |       |       |       ||     4
  Eat: Chunk             |     6 |     9 |    33 |    50 |    83 ||   181
       Ration            |       |       |     1 |       |     7 ||     8
Armor: Skin              |    20 |    21 |    65 |   181 |   153 ||   440
Dodge: Dodged            |    80 |    47 |   211 |   435 |   470 ||  1243
Block: Other             |     8 |       |       |       |       ||     8
       Buckler           |       |       |       |       |   114 ||   114

Table legend:
 A = Non-vault XP
 B = Vault XP
 C = Vault XP percentage of total XP
 D = Non-vault monster count
 E = Vault monster count
 F = Vault count percentage of total count
                 A         B        C        D         E       F
            +---------+---------+-------+---------+---------+-------
      Total |   61433 |   50999 |  45.4 |     452 |     204 |  31.1
            +---------+---------+-------+---------+---------+-------
        D:1 |      11 |       0 |   0.0 |       5 |       0 |   0.0
        D:2 |      77 |       0 |   0.0 |      23 |       0 |   0.0
        D:3 |     131 |       0 |   0.0 |      25 |       0 |   0.0
        D:4 |     368 |      34 |   8.5 |      17 |      11 |  39.3
        D:5 |     710 |     275 |  27.9 |      22 |       2 |   8.3
        D:6 |     535 |     212 |  28.4 |      14 |       1 |   6.7
        D:7 |    1041 |       0 |   0.0 |      21 |       0 |   0.0
        D:8 |    1974 |     443 |  18.3 |      30 |      11 |  26.8
        D:9 |     620 |       0 |   0.0 |      11 |       0 |   0.0
       D:10 |    3288 |     546 |  14.2 |      27 |       4 |  12.9
       D:11 |    7584 |    2754 |  26.6 |      34 |      21 |  38.2
       D:12 |    5710 |       0 |   0.0 |      28 |       0 |   0.0
       D:13 |    6079 |       0 |   0.0 |      29 |       0 |   0.0
       D:14 |    3053 |    5971 |  66.2 |       7 |      10 |  58.8
     Lair:1 |    1632 |       0 |   0.0 |      12 |       0 |   0.0
     Lair:2 |    3766 |     565 |  13.0 |      17 |       1 |   5.6
     Lair:3 |    2239 |     435 |  16.3 |      15 |       1 |   6.2
     Lair:4 |    5583 |    5600 |  50.1 |      18 |      13 |  41.9
     Lair:5 |    2156 |    3251 |  60.1 |      10 |      11 |  52.4
     Lair:6 |    6423 |   11542 |  64.2 |      26 |      31 |  54.4
      Orc:1 |    1379 |       3 |   0.2 |      28 |       1 |   3.4
      Orc:2 |    4837 |   11653 |  70.7 |      28 |      62 |  68.9
      Elf:1 |    2237 |    3868 |  63.4 |       5 |       7 |  58.3
    Volcano |       0 |    3847 | 100.0 |       0 |      17 | 100.0
            +---------+---------+-------+---------+---------+-------
